 Dungeon Crawl Stone Soup version 0.29.1-15-g9cfb28693d (webtiles) character file.

Game seed: 16352655215727625455

808 Renzlar the Shield-Bearer (level 7, -7/56 (60) HPs)
             Began as a Gnoll Fighter on Mar 12, 2023.
             Mangled by a gnoll sergeant
             ... wielding a +3 vorpal trident
              (11 damage)
             ... on level 5 of the Dungeon.
             The game lasted 00:09:14 (3402 turns).

Renzlar the Shield-Bearer (Gnoll Fighter)           Turns: 3402, Time: 00:09:14

HP:   -7/56 (60)    AC: 10    Str: 18    XL:     7   Next: 92%
MP:   2/11          EV: 10    Int:  7    God:
Gold: 237           SH:  0    Dex: 11    Spells: 11/11 levels left

rFire   . . .      SeeInvis .   a - +0 war axe
rCold   . . .      Faith    .   (no shield)
rNeg    . . .      Spirit   .   b - +1 scale mail
rPois   .          Reflect  .   (no helmet)
rElec   .          Harm     .   (no cloak)
rCorr   .          Rampage  .   (no gloves)
Will    +....                   f - +0 pair of boots
Stlth   +.........              (no amulet)
HPRegen 0.18/turn               j - ring of willpower
MPRegen 0.12/turn               (no ring)

@: mighty, drained
A: fangs 1, strong nose, distributed training
a: no special abilities


You were on level 5 of the Dungeon.
You visited 2 branches of the dungeon, and saw 6 of its levels.

You collected 237 gold pieces.

Inventory:

Hand Weapons
 a - a +0 war axe (weapon)
 c - the +8 sling "Ivocsoga" {vorpal, MP-9 Dex+5}
   (You found it on level 2 of the Dungeon)

   Any ammunition fired from it inflicts extra damage upon your enemies.
   Dex:       It affects your dexterity (+5).
   MP:        It affects your magic capacity (-9).
 m - a +1 dagger of protection
 p - a +1 flail of draining
Missiles
 h - 9 poisoned darts (quivered)
Armour
 b - a +1 scale mail (worn)
 f - a +0 pair of boots (worn)
Jewellery
 j - a ring of willpower (left hand)
Scrolls
 i - a scroll of teleportation
 r - a scroll of enchant armour
Potions
 e - 2 potions of curing {unknown}
 g - a potion of lignification {unknown}
 k - 2 potions of heal wounds {unknown}
 l - a potion of cancellation {unknown}
 n - a potion of degeneration {unknown}
 o - a potion of flight {unknown}
 q - a potion of magic {unknown}


   Skills:
 + Level 7.2 Fighting
 + Level 2.9 Short Blades
 + Level 2.9 Long Blades
 + Level 5.4 Axes
 + Level 2.9 Maces & Flails
 + Level 2.9 Polearms
 + Level 2.9 Staves
 + Level 2.9 Ranged Weapons
 + Level 2.9 Throwing
 + Level 7.2 Armour
 + Level 2.9 Dodging
 + Level 2.9 Stealth
 + Level 7.2 Shields
 + Level 2.9 Unarmed Combat
 + Level 2.9 Spellcasting
 + Level 2.3 Conjurations
 + Level 2.3 Hexes
 + Level 2.3 Summonings
 + Level 2.3 Necromancy
 + Level 2.3 Translocations
 + Level 2.3 Transmutations
 + Level 2.3 Fire Magic
 + Level 2.3 Ice Magic
 + Level 2.3 Air Magic
 + Level 2.3 Earth Magic
 + Level 2.3 Poison Magic
 + Level 3.2 Invocations
 + Level 2.9 Evocations


You had 11 spell levels left.
You didn't know any spells.
Your spell library contained the following spells:

 Spells                   Type           Power      Damage    Failure   Level
 Ensorcelled Hibernation  Hex/Ice        8%         N/A       50%         2
 Frozen Ramparts          Ice            8%         1d2       73%         3
 Gell's Gravitas          Tloc           4%         N/A       73%         3
 Lesser Beckoning         Tloc           4%         N/A       73%         3
 Spider Form              Tmut/Pois      4%         N/A       73%         3
 Teleport Other           Tloc           4%         N/A       73%         3
 Anguish                  Hex/Necr       2%         N/A       98%         4
 Ice Form                 Ice/Tmut       4%         N/A       98%         4
 Summon Ice Beast         Ice/Summ       4%         N/A       98%         4


Dungeon Overview and Level Annotations

Branches:
Dungeon (5/15)             Temple (1/1) D:4

Altars:
Ashenzari
Cheibriados
Dithmenos
Elyvilon
Fedhas
Gozag
Makhleb
Qazlal
Ru
Sif Muna
Trog
Uskayaw
Vehumet
Wu Jian
Xom
Yredelemnul
Zin
The Shining One


Innate Abilities, Weirdness & Mutations

You have very sharp teeth.
Your uncanny sense of smell can sniff out nearby items.
Your experience applies equally to all skills.


Message History

You shoot a sling bullet.
The sling bullet hits the gnoll sergeant.
The gnoll sergeant is moderately wounded.
The gnoll sergeant hits you from afar with a +3 vorpal trident!
You shoot a sling bullet.
The sling bullet hits the gnoll sergeant but does no damage.
The gnoll sergeant is moderately wounded.
The gnoll sergeant closely misses you.
The gnoll sergeant hits you but does no damage.
You shoot a sling bullet.
The sling bullet hits the gnoll sergeant but does no damage.
The gnoll sergeant is moderately wounded.
The gnoll sergeant hits you from afar with a +3 vorpal trident!
You shoot a sling bullet.
The sling bullet hits the gnoll sergeant.
The gnoll sergeant is heavily wounded.
The gnoll sergeant hits you from afar with a +3 vorpal trident.
The gnoll sergeant hits you from afar with a +3 vorpal trident!
* * * LOW HITPOINT WARNING * * *
x2 You are too injured to fight recklessly!
Unknown command.
Fire: c) +8 sling "Ivocsoga" {vorpal, MP-9 Dex+5}
Press: ? - help, Q - select action, (/) - cycle Shift-Dir - straight line, f/p - gnoll sergeant
Aim: a gnoll sergeant, wielding a +3 vorpal trident, wearing a +0 scale mail and wearing a +0 buckler (heavily wounded, 75% to hit)
Okay, then.
Unknown command.
You feel your magic capacity increase.
a - a +0 war axe (weapon)
You feel very mighty all of a sudden.
The gnoll sergeant hits you from afar with a +3 vorpal trident.
* * * LOW HITPOINT WARNING * * *
x2 Unknown command.
The gnoll sergeant hits you but does no damage.
You slash the gnoll sergeant!
The gnoll sergeant is severely wounded.
The gnoll sergeant hits you but does no damage.
The gnoll sergeant blocks your attack.
The gnoll sergeant is severely wounded.
The gnoll sergeant hits you with a +3 vorpal trident!
You die...

#.# #.#.### #......#
#.# #.#.# #......#
#.# #∆#)# #..)...#
#.# #.# #..)..)#
###.###.#.# #....).#
#.......# #......#
#.#.#####
#....)g###.#.#####.#
#.....@.)..#.......#
#......###.#.......#
######.# ###.#####.#
#.# #...<.....#
#.###.#########
#.....# #######


You could see a gnoll sergeant.

Vanquished Creatures
  Edmund (D:5)
  Duvessa (D:4)
  An ogre (D:5)
  A necrophage (D:4)
  2 scorpions
  Dowan (D:4)
  A howler monkey (D:5)
  Jessica (D:2)
  Terence (D:3)
  9 gnolls
  3 adders
  A worm (D:2)
  5 orcs
  5 ball pythons
  6 endoplasms
  A giant cockroach (D:4)
  4 goblins
  5 hobgoblins
  6 quokkas
  8 bats
  5 kobolds
  23 rats
91 creatures vanquished.

Vanquished Creatures (others)
  2 plants (D:2)
2 creatures vanquished.

Grand Total: 93 creatures vanquished

Notes
Turn   | Place    | Note
-------+----------+-------------------------------------------
     0 | D:1      | Renzlar the Gnoll Fighter began the quest for the Orb.
     0 | D:1      | Reached XP level 1. HP: 23/23 MP: 1/1
   185 | D:1      | Reached XP level 2. HP: 20/29 MP: 2/2
   695 | D:1      | Found a faded altar of an unknown god.
   949 | D:2      | Found a broken altar of Ashenzari.
   994 | D:2      | Reached XP level 3. HP: 35/35 MP: 3/3
  1333 | D:2      | Identified the +8 sling "Ivocsoga" {vorpal, MP-9 Dex+5}
  1381 | D:2      | Noticed Jessica
  1382 | D:2      | Killed Jessica
  1383 | D:2      | Reached skill level 1 in Short Blades
  1383 | D:2      | Reached skill level 1 in Long Blades
  1383 | D:2      | Reached skill level 1 in Maces & Flails
  1383 | D:2      | Reached skill level 1 in Polearms
  1383 | D:2      | Reached skill level 1 in Staves
  1383 | D:2      | Reached skill level 1 in Ranged Weapons
  1383 | D:2      | Reached skill level 1 in Throwing
  1383 | D:2      | Reached skill level 1 in Dodging
  1383 | D:2      | Reached skill level 1 in Stealth
  1383 | D:2      | Reached skill level 1 in Unarmed Combat
  1383 | D:2      | Reached skill level 1 in Spellcasting
  1383 | D:2      | Reached skill level 1 in Invocations
  1383 | D:2      | Reached skill level 1 in Evocations
  1407 | D:2      | Reached XP level 4. HP: 41/41 MP: 0/5
  1602 | D:3      | Noticed Terence
  1608 | D:3      | Killed Terence
  1609 | D:3      | Reached skill level 1 in Conjurations
  1609 | D:3      | Reached skill level 1 in Hexes
  1609 | D:3      | Reached skill level 1 in Summonings
  1609 | D:3      | Reached skill level 1 in Necromancy
  1609 | D:3      | Reached skill level 1 in Translocations
  1609 | D:3      | Reached skill level 1 in Transmutations
  1609 | D:3      | Reached skill level 1 in Fire Magic
  1609 | D:3      | Reached skill level 1 in Ice Magic
  1609 | D:3      | Reached skill level 1 in Air Magic
  1609 | D:3      | Reached skill level 1 in Earth Magic
  1609 | D:3      | Reached skill level 1 in Poison Magic
  1609 | D:3      | Found a radiant altar of Vehumet.
  1609 | D:3      | Found a shimmering altar of Xom.
  1611 | D:3      | Found a basalt altar of Yredelemnul.
  1982 | D:3      | Reached XP level 5. HP: 47/47 MP: 0/7
  2121 | D:4      | Reached XP level 6. HP: 38/53 MP: 0/8
  2210 | D:4      | Found a staircase to the Ecumenical Temple.
  2220 | Temple   | Entered the Ecumenical Temple
  2288 | D:4      | Reached skill level 5 in Axes
  2323 | D:4      | Found a stormy altar of Qazlal.
  2383 | D:4      | Noticed Duvessa
  2387 | D:4      | Noticed Dowan
  2389 | D:4      | Killed Duvessa
  2393 | D:4      | Killed Dowan
  2394 | D:4      | Reached XP level 7. HP: 48/60 MP: 1/10
  3046 | D:5      | Entered Level 5 of the Dungeon
  3058 | D:5      | Noticed Edmund
  3069 | D:5      | Killed Edmund
  3402 | D:5      | Mangled by a gnoll sergeant

Illustrated notes

Levels and vault maps discovered:
D:1:      dpeg_arrival_water_temple_mockup, layout_basic,
          dilly_ecumenical_altar_fadedgnrine
D:2:      layout_basic, serial_forest, infiniplex_forest_diagonal,
          infiniplex_forest_zigzag_1, infiniplex_forest_lined_3,
          infiniplex_forest_clump_long, infiniplex_forest_lined_room_,
          basic_altar, minmay_crystal_water, uniq_jessica
D:3:      layout_rooms, chequers_temple_overflow_statue_of_worship,
          minmay_rat_hole, uniq_terence
D:4:      layout_basic, nicolae_qazlal_general_emergency,
          minmay_temple_entry_slanted, uniq_duvessa
D:5:      layout_basic, kennysheep_generic_room_14, uniq_edmund
Temple:   cyrus_circular_temple

Skill      XL: |  1  2  3  4  5  6  7 |
---------------+----------------------+-----
Short Blades   | 1 2 |  2.9
Long Blades    | 1 2 |  2.9
Maces & Flails | 1 2 |  2.9
Polearms       | 1 2 |  2.9
Staves         | 1 2 |  2.9
Ranged Weapons | 1 2 |  2.9
Throwing       | 1 2 |  2.9
Dodging        | 1 2 |  2.9
Stealth        | 1 2 |  2.9
Unarmed Combat | 1 2 |  2.9
Spellcasting   | 1 2 |  2.9
Invocations    | 1 2 3 |  3.2
Evocations     | 1 2 |  2.9
Conjurations   | 1 2 |  2.3
Hexes          | 1 2 |  2.3
Summonings     | 1 2 |  2.3
Necromancy     | 1 2 |  2.3
Translocations | 1 2 |  2.3
Transmutations | 1 2 |  2.3
Fire Magic     | 1 2 |  2.3
Ice Magic      | 1 2 |  2.3
Air Magic      | 1 2 |  2.3
Earth Magic    | 1 2 |  2.3
Poison Magic   | 1 2 |  2.3
Axes           | 5 |  5.4
Fighting       | 7 |  7.2
Armour         | 7 |  7.2
Shields        | 7 |  7.2

Action                   |  1- 3 |  4- 6 |  7- 9 || total
-------------------------+-------+-------+-------++-------
Melee: War axe           |    69 |       |     2 ||    71
       Bite              |     8 |       |       ||     8
 Fire: Sling             |     4 |    94 |    45 ||   143
  Use: Scroll            |     5 |     3 |     1 ||     9
       Potion            |       |       |     1 ||     1
Armor: Scale mail        |    32 |    24 |     8 ||    64
Dodge: Dodged            |    32 |    33 |     7 ||    72
Block: Buckler           |    22 |       |       ||    22
